TOP OF THE 1ST |
Rochester Red Wings batting - Pitching for Nashville Sounds : RHP Carlos Alaniz
|
Pitching: RHP Carlos Alaniz
|
|
Batting: RHB Cyril Husson
|
0-0: Swinging Strike 0-1: Foul Ball, location: 2F 0-2: Strikes out looking
|
Batting: SHB Ian Thompson
|
0-0: Called Strike 0-1: Ball 1-1: Ball 2-1: Ball 3-1: Foul Ball, location: 2F 3-2: Base on Balls
|
Batting: SHB Dan Morataya
|
0-0: Called Strike 0-1: Ball 1-1: Fly out, F7 (Line Drive, 78M, EV 109.4 MPH)
|
Batting: LHB Chris Munguia
|
0-0: Ball 1-0: Foul Ball, location: 2F 1-1: Ground out 4-3 (Groundball, 4, EV 98.8 MPH)
|
Top of the 1st over - 0 runs, 0 hits, 0 errors, 1 left on base; Rochester 0 - Nashville 0 |
BOTTOM OF THE 1ST |
Nashville Sounds batting - Pitching for Rochester Red Wings : LHP Matt Walton
|
Pitching: LHP Matt Walton
|
|
Batting: RHB Jeff Garofalo
|
0-0: Ball 1-0: Foul Ball, location: 2F 1-1: Foul Ball, location: 2F 1-2: Ground out 5-3 (Groundball, 25, EV 87.5 MPH)
|
Batting: SHB Robert Santiago
|
0-0: Ball 1-0: Called Strike 1-1: Fly out, F8 (Flyball, 8RM, EV 86.2 MPH)
|
Batting: RHB Tim Cordle
|
0-0: Ball 1-0: Ball 2-0: Called Strike 2-1: Called Strike 2-2: Ground out 5-3 (Groundball, 56S, EV 85.6 MPH)
|
Bottom of the 1st over - 0 runs, 0 hits, 0 errors, 0 left on base; Rochester 0 - Nashville 0 |
TOP OF THE 2ND |
Rochester Red Wings batting - Pitching for Nashville Sounds : RHP Carlos Alaniz
|
Batting: LHB Jayden Thomas
|
0-0: Ball 1-0: Ground out 4-3 (Groundball, 13, EV 75.6 MPH)
|
Batting: SHB Manny Molina
|
0-0: Ball 1-0: Fly out, F6 (Popup, 6, EV 63.8 MPH)
|
Batting: RHB Ryan Gautney
|
0-0: Ball 1-0: Fly out, F9 (Flyball, 89M, EV 96.9 MPH)
|
Top of the 2nd over - 0 runs, 0 hits, 0 errors, 0 left on base; Rochester 0 - Nashville 0 |
BOTTOM OF THE 2ND |
Nashville Sounds batting - Pitching for Rochester Red Wings : LHP Matt Walton
|
Batting: RHB David Herrera
|
0-0: Called Strike 0-1: Ball 1-1: Ball 2-1: Ball 3-1: Swinging Strike 3-2: Base on Balls
|
Batting: LHB Tomas Segarra
|
0-0: DOUBLE (Line Drive, 7LS, EV 95.0 MPH) David Herrera to third
|
Batting: RHB Wade Diamond
|
0-0: Ball 1-0: Foul Ball, location: 2F 1-1: Ball 2-1: Foul Ball, location: 2F 2-2: Foul Ball, location: 2F 2-2: Foul Ball, location: 2F 2-2: Foul Ball, location: 2F 2-2: Foul Ball, location: 2F 2-2: Ball 3-2: Strikes out swinging
|
Batting: RHB Ryan Kinkead
|
0-0: Foul Ball, location: 2F 0-1: Foul Ball, location: 2F 0-2: Ball 1-2: Ball 2-2: Foul Ball, location: 2F 2-2: SINGLE (Line Drive, 8RS, EV 111.2 MPH) David Herrera scores Tomas Segarra to third Runner from 3rd tries for Home, SAFE, throw by CF to home
|
Batting: LHB Zachary DeLuca
|
0-0: Foul Ball, location: 2F 0-1: Foul Ball, location: 2F 0-2: Foul Ball, location: 2F 0-2: Ball 1-2: Ball 2-2: Ball 3-2: Foul Ball, location: 2F 3-2: Strikes out looking
|
Batting: RHB Mike Gangi
|
0-0: Swinging Strike 0-1: Ball 1-1: Called Strike 1-2: Strikes out looking
|
Bottom of the 2nd over - 2 runs, 2 hits, 0 errors, 1 left on base; Rochester 0 - Nashville 2 |
TOP OF THE 3RD |
Rochester Red Wings batting - Pitching for Nashville Sounds : RHP Carlos Alaniz
|
Batting: RHB Dan Grable
|
0-0: Ball 1-0: Ball 2-0: Called Strike 2-1: Ball 3-1: SINGLE (Groundball, 6MD, EV 95.0 MPH)
|
Batting: RHB Ratko Macura
|
0-0: Ball 1-0: DOUBLE (Line Drive, 9LS, EV 108.1 MPH) Dan Grable to third
|
Batting: RHB Cyril Husson
|
0-0: Called Strike 0-1: Fly out, F7 (Line Drive, 7, EV 100.0 MPH)
|
Batting: SHB Ian Thompson
|
0-0: Ball 1-0: Ball 2-0: Ball 3-0: Called Strike 3-1: Called Strike 3-2: Foul Ball, location: 2F 3-2: Fly out, F7 (Flyball, 78M, EV 90.0 MPH)
|
Batting: SHB Dan Morataya
|
0-0: Swinging Strike 0-1: Swinging Strike 0-2: Strikes out swinging
|
Top of the 3rd over - 0 runs, 2 hits, 0 errors, 2 left on base; Rochester 0 - Nashville 2 |
BOTTOM OF THE 3RD |
Nashville Sounds batting - Pitching for Rochester Red Wings : LHP Matt Walton
|
Batting: RHB Jeff Garofalo
|
0-0: Called Strike 0-1: Called Strike 0-2: Foul Ball, location: 2F 0-2: Strikes out swinging
|
Batting: SHB Robert Santiago
|
0-0: Ball 1-0: Foul Ball, location: 2F 1-1: Foul Ball, location: 2F 1-2: Strikes out swinging
|
Batting: RHB Tim Cordle
|
0-0: Ball 1-0: Foul Ball, location: 2F 1-1: Ball 2-1: Called Strike 2-2: Strikes out swinging
|
Bottom of the 3rd over - 0 runs, 0 hits, 0 errors, 0 left on base; Rochester 0 - Nashville 2 |
TOP OF THE 4TH |
Rochester Red Wings batting - Pitching for Nashville Sounds : RHP Carlos Alaniz
|
Batting: LHB Chris Munguia
|
0-0: Ground out 6-3 (Groundball, 4M, EV 90.6 MPH)
|
Batting: LHB Jayden Thomas
|
0-0: Ball 1-0: Ball 2-0: Called Strike 2-1: Foul Ball, location: 2F 2-2: Ball 3-2: Foul Ball, location: 2F 3-2: Base on Balls
|
Batting: SHB Manny Molina
|
0-0: Called Strike 0-1: Ball Jayden Thomas is caught stealing 2nd base 2-6 1-1: SINGLE (Groundball, 4MS, EV 66.9 MPH) (infield hit)
|
Batting: RHB Ryan Gautney
|
0-0: Ball Manny Molina steals 2nd, throwing error, E2 Manny Molina to third 1-0: Foul Ball, location: 2F 1-1: Ball 2-1: Ball 3-1: Swinging Strike 3-2: Strikes out swinging
|
Top of the 4th over - 0 runs, 1 hit, 1 error, 1 left on base; Rochester 0 - Nashville 2 |
BOTTOM OF THE 4TH |
Nashville Sounds batting - Pitching for Rochester Red Wings : LHP Matt Walton
|
Batting: RHB David Herrera
|
0-0: Called Strike 0-1: Ball 1-1: Ball 2-1: Ball 3-1: Base on Balls
|
Batting: LHB Tomas Segarra
|
0-0: Ball 1-0: Fielders Choice at 2nd, 4-6 (Groundball, 34, EV 86.9 MPH)
|
Batting: RHB Wade Diamond
|
0-0: Called Strike 0-1: Ball 1-1: Called Strike 1-2: Foul Ball, location: 2F 1-2: Strikes out swinging
|
Batting: RHB Ryan Kinkead
|
0-0: Foul Ball, location: 2F 0-1: Ground out 4-3 (Groundball, 4, EV 105.6 MPH)
|
Bottom of the 4th over - 0 runs, 0 hits, 0 errors, 1 left on base; Rochester 0 - Nashville 2 |
TOP OF THE 5TH |
Rochester Red Wings batting - Pitching for Nashville Sounds : RHP Carlos Alaniz
|
Batting: RHB Dan Grable
|
0-0: Reached on error, E2 (Groundball, 15S, EV 70.0 MPH)
|
Batting: RHB Ratko Macura
|
0-0: Called Strike 0-1: Fly out, F8 (Flyball, 78S, EV 94.4 MPH)
|
Batting: RHB Cyril Husson
|
0-0: Ball 1-0: Fly out, F9 (Flyball, 89S, EV 93.8 MPH)
|
Batting: SHB Ian Thompson
|
0-0: Ball 1-0: Called Strike 1-1: Ground out 4-3 (Groundball, 4, EV 85.6 MPH)
|
Top of the 5th over - 0 runs, 0 hits, 1 error, 1 left on base; Rochester 0 - Nashville 2 |
BOTTOM OF THE 5TH |
Nashville Sounds batting - Pitching for Rochester Red Wings : LHP Matt Walton
|
Batting: LHB Zachary DeLuca
|
0-0: Fly out, F7 (Flyball, 7D, EV 92.5 MPH)
|
Batting: RHB Mike Gangi
|
0-0: Ball 1-0: Foul Ball, location: 2F 1-1: Ground out 2-3 (Groundball, 15S, EV 72.5 MPH)
|
Batting: RHB Jeff Garofalo
|
0-0: Ball 1-0: Called Strike 1-1: Foul Ball, location: 2F 1-2: Foul Ball, location: 2F 1-2: Foul Ball, location: 2F 1-2: Foul Ball, location: 2F 1-2: Ball 2-2: Ground out 4-3 (Groundball, 4, EV 81.2 MPH)
|
Bottom of the 5th over - 0 runs, 0 hits, 0 errors, 0 left on base; Rochester 0 - Nashville 2 |
TOP OF THE 6TH |
Rochester Red Wings batting - Pitching for Nashville Sounds : RHP Carlos Alaniz
|
Batting: SHB Dan Morataya
|
0-0: Ball 1-0: Ball 2-0: Swinging Strike 2-1: Ball 3-1: Base on Balls
|
Batting: LHB Chris Munguia
|
0-0: DOUBLE (Line Drive, 3D, EV 105.0 MPH) Dan Morataya to third
|
Batting: LHB Jayden Thomas
|
0-0: Ball 1-0: Ground out U3 (Groundball, 3, EV 89.4 MPH)
|
Batting: SHB Manny Molina
|
0-0: Ball 1-0: Ball 2-0: Called Strike 2-1: Ball 3-1: Base on Balls
|
Batting: RHB Ryan Gautney
|
0-0: Ball 1-0: Swinging Strike 1-1: Ball 2-1: Ball 3-1: Base on Balls Dan Morataya scores Chris Munguia to third Manny Molina to second
|
Batting: RHB Dan Grable
|
0-0: Ball 1-0: Ball 2-0: Grounds into double play, 6-2-3 (Groundball, 6, EV 84.4 MPH)
|
Top of the 6th over - 1 run, 1 hit, 0 errors, 2 left on base; Rochester 1 - Nashville 2 |
BOTTOM OF THE 6TH |
Nashville Sounds batting - Pitching for Rochester Red Wings : LHP Matt Walton
|
Batting: SHB Robert Santiago
|
0-0: Fly out, F8 (Line Drive, 8RM, EV 107.5 MPH)
|
Batting: RHB Tim Cordle
|
0-0: Called Strike 0-1: Ball 1-1: SINGLE (Groundball, 56, EV 106.2 MPH) (infield hit)
|
Batting: RHB David Herrera
|
0-0: Ball 1-0: Ball 2-0: Fly out, F8 (Flyball, 89D, EV 97.5 MPH)
|
Batting: LHB Tomas Segarra
|
0-0: Called Strike 0-1: Swinging Strike 0-2: Ball 1-2: Ball 2-2: Strikes out looking
|
Bottom of the 6th over - 0 runs, 1 hit, 0 errors, 1 left on base; Rochester 1 - Nashville 2 |
TOP OF THE 7TH |
Rochester Red Wings batting - Pitching for Nashville Sounds : RHP Carlos Alaniz
|
Batting: RHB Ratko Macura
|
0-0: Ball 1-0: Called Strike 1-1: Called Strike 1-2: Ball 2-2: Foul Ball, location: 2F 2-2: Strikes out swinging
|
Batting: RHB Cyril Husson
|
0-0: Ball 1-0: Fly out, F8 (Line Drive, 89D, EV 88.1 MPH)
|
Batting: SHB Ian Thompson
|
0-0: Called Strike 0-1: Ball 1-1: Swinging Strike 1-2: Foul Ball, location: 2F 1-2: Ball 2-2: Ball 3-2: Foul Ball, location: 2F 3-2: Base on Balls
|
Pitching: RHP Márcio Travanca
|
|
Batting: SHB Dan Morataya
|
0-0: Called Strike 0-1: Ball 1-1: Swinging Strike 1-2: Ball 2-2: Strikes out swinging
|
Top of the 7th over - 0 runs, 0 hits, 0 errors, 1 left on base; Rochester 1 - Nashville 2 |
BOTTOM OF THE 7TH |
Nashville Sounds batting - Pitching for Rochester Red Wings : LHP Matt Walton
|
Pitching: RHP Justin Gorden
|
|
Batting: RHB Wade Diamond
|
0-0: Ball 1-0: SINGLE (Groundball, 6MD, EV 106.2 MPH)
|
Batting: RHB Ryan Kinkead
|
0-0: Called Strike 0-1: Bunted foul 0-2: Strikes out looking
|
Batting: LHB Zachary DeLuca
|
0-0: Foul Ball, location: 2F 0-1: Called Strike 0-2: Ball 1-2: Grounds into double play, 4-6-3 (Groundball, 34S, EV 78.1 MPH)
|
Bottom of the 7th over - 0 runs, 1 hit, 0 errors, 0 left on base; Rochester 1 - Nashville 2 |
TOP OF THE 8TH |
Rochester Red Wings batting - Pitching for Nashville Sounds : RHP Márcio Travanca
|
Now at 1B: Zachary DeLuca
|
|
Now at 2B: Eduardo Chavez
|
|
Now in RF: Robby Godwin
|
|
Batting: LHB Chris Munguia
|
0-0: Ball 1-0: Fly out, F7 (Flyball, 7, EV 93.1 MPH)
|
Batting: LHB Jayden Thomas
|
0-0: Ball 1-0: Called Strike 1-1: Foul Ball, location: 2F 1-2: Ground out 4-3 (Groundball, 4M, EV 110.0 MPH)
|
Batting: SHB Manny Molina
|
0-0: Called Strike 0-1: Ball 1-1: Ball 2-1: Swinging Strike 2-2: Foul Ball, location: 2F 2-2: Ball 3-2: Strikes out looking
|
Top of the 8th over - 0 runs, 0 hits, 0 errors, 0 left on base; Rochester 1 - Nashville 2 |
BOTTOM OF THE 8TH |
Nashville Sounds batting - Pitching for Rochester Red Wings : RHP Justin Gorden
|
Batting: RHB Mike Gangi
|
0-0: Ball 1-0: Foul Ball, location: 2F 1-1: Swinging Strike 1-2: Foul Ball, location: 2F 1-2: Strikes out swinging
|
Batting: RHB Jeff Garofalo
|
0-0: Ball 1-0: Ball 2-0: Foul Ball, location: 2F 2-1: Foul Ball, location: 2F 2-2: Strikes out swinging
|
Batting: SHB Robert Santiago
|
0-0: Ball 1-0: Foul Ball, location: 2F 1-1: Ball 2-1: Ball 3-1: Base on Balls
|
Batting: RHB Tim Cordle
|
0-0: Ball Robert Santiago is caught stealing 2nd base 2-4
|
Bottom of the 8th over - 0 runs, 0 hits, 0 errors, 0 left on base; Rochester 1 - Nashville 2 |
TOP OF THE 9TH |
Rochester Red Wings batting - Pitching for Nashville Sounds : RHP Márcio Travanca
|
Pitching: RHP Charlie Shook
|
|
Batting: RHB Ryan Gautney
|
0-0: Foul Ball, location: 2F 0-1: Fly out, F6 (Popup, 6M, EV 59.4 MPH)
|
Batting: RHB Dan Grable
|
0-0: Called Strike 0-1: Ball 1-1: Called Strike 1-2: Ball 2-2: Foul Ball, location: 2F 2-2: Strikes out swinging
|
Batting: RHB Ratko Macura
|
0-0: Foul Ball, location: 2F 0-1: Foul Ball, location: 2F 0-2: Strikes out swinging
|
Top of the 9th over - 0 runs, 0 hits, 0 errors, 0 left on base; Rochester 1 - Nashville 2 |
|